 Dungeon Crawl Stone Soup version 0.20.0-7-g3b7b877 (webtiles) character file.

11656 McKennaii the Cleaver (level 11, -2/87 HPs)
             Began as a Demonspawn Abyssal Knight on May 29, 2017.
             Was the Champion of Lugonu.
             Slain by a frost giant
             ... wielding the +8 frozen axe "Frostbite" {freezing cloud, *Noise +Fly rC+}
              (20 damage)
             ... on level 12 of the Dungeon.
             The game lasted 00:20:32 (11245 turns).

McKennaii the Cleaver (Demonspawn Abyssal Knight)  Turns: 11245, Time: 00:20:33

Health: -2/87      AC: 20    Str: 13    XL:     11   Next: 52%
Magic:  12/12      EV: 13    Int: 15    God:    Lugonu [******]
Gold:   723        SH:  6    Dex: 16    Spells: 10/10 levels left

rFire    . . .     SeeInvis .   i - +5 hand axe
rCold    . . .     Gourm    .   (no shield)
rNeg     . . .     Faith    .   v - +4 ring mail "Plog" {rElec rC- Slay+4}
rPois    .         Spirit   .   m - +1 helmet
rElec    +         Reflect  +   (no cloak)
rCorr    .         Harm     .   (no gloves)
MR       +....                  l - +0 pair of boots
Stlth    ++........             I - +6 amulet of reflection
Regen    0.3/turn               a - ring of protection from cold
MPRegen  0.2/turn               (no ring)

@: sanguine armour, drained
A: claws 1, clever 1, demonic guardian 2, magic resistance 1, sense surroundings
1, spiny 2, wild magic 1, sanguine armour 1
a: Depart the Abyss, Bend Space, Banish, Corrupt, Enter the Abyss, Brand Weapon
With Distortion, Renounce Religion


You were on level 12 of the Dungeon.
You worshipped Lugonu.
Lugonu was exalted by your worship.
You were not hungry.

You visited 1 branch of the dungeon, and saw 12 of its levels.
You visited the Abyss 1 time.
You also visited: Ossuary.

You collected 756 gold pieces.
You spent 33 gold pieces at shops.

Inventory:

Hand Weapons
 i - a +5 hand axe (weapon)
Armour
 l - a +0 pair of boots (worn)
 m - a +1 helmet (worn)
 v - the +4 ring mail "Plog" (worn) {rElec rC- Slay+4}
   (You found it on level 6 of the Dungeon)

   It affects your accuracy and damage with ranged weapons and melee attacks
   (+4).
   It makes you vulnerable to cold.
   It insulates you from electricity.
Jewellery
 a - a ring of protection from cold (left claw)
 h - an uncursed amulet of rage
 I - a +6 amulet of reflection (around neck)
Wands
 f - a wand of scattershot (3/9)
 q - a wand of flame (43/48)
 H - a wand of polymorph (11/24)
 J - a wand of confusion (24/48)
 L - a wand of digging (12/24)
Scrolls
 e - a scroll of blinking
 g - 11 scrolls of identify
 j - 4 scrolls of recharging
 s - 2 scrolls of teleportation
 y - 2 scrolls of fog
 D - a scroll of amnesia
 E - 2 scrolls of fear
 F - a scroll of enchant armour
 M - a scroll of acquirement {unknown}
 O - 2 scrolls of magic mapping
Potions
 b - 4 potions of resistance {unknown}
 d - 2 potions of lignification
 k - 3 potions of cancellation {unknown}
 n - 3 potions of mutation
 p - 3 potions of ambrosia {unknown}
 r - 2 potions of invisibility {unknown}
 t - 2 potions of agility {unknown}
 w - a potion of magic {unknown}
 z - a potion of flight {unknown}
 B - 2 potions of might {unknown}
 C - 3 potions of curing {unknown}
Books
 u - a book of Misfortune

   Spells                             Type                      Level
   a - Confusing Touch                Hexes                        1
   b - Confuse                        Hexes                        3
   c - Gell's Gravitas                Translocation                3
   d - Petrify                        Transmutation/Earth          4
   e - Metabolic Englaciation         Hexes/Ice                    5
   f - Yara's Violent Unravelling     Hexes/Transmutation          5
 G - a book of Cantrips

   Spells                             Type                      Level
   a - Confusing Touch                Hexes                        1
   b - Animate Skeleton               Necromancy                   1
   c - Summon Small Mammal            Summoning                    1
   d - Apportation                    Translocation                1
 K - a book of Necromancy

   Spells                             Type                      Level
   a - Pain                           Necromancy                   1
   b - Animate Skeleton               Necromancy                   1
   c - Vampiric Draining              Necromancy                   3
   d - Regeneration                   Charms/Necromancy            3
   e - Animate Dead                   Necromancy                   4
   f - Control Undead                 Necromancy                   4
 N - a book of Enchantments

   Spells                             Type                      Level
   a - Cause Fear                     Hexes                        4
   b - Yara's Violent Unravelling     Hexes/Transmutation          5
   c - Silence                        Hexes/Air                    5
   d - Deflect Missiles               Charms/Air                   6
   e - Discord                        Hexes                        8
Comestibles
 c - 14 bread rations
 o - 6 fruits
 x - 5 meat rations
 A - 5 royal jellies


   Skills:
 + Level 8.5(8.2) Fighting
 + Level 11.5(11.1) Axes
 + Level 7.6(7.3) Armour
 + Level 5.2(4.9) Dodging
 + Level 4.6(4.3) Stealth
 + Level 2.6(2.3) Invocations
 + Level 0.4(0.1) Evocations


You had 10 spell levels left.
You didn't know any spells.

Dungeon Overview and Level Annotations

Branches:
Dungeon (12/15)            Temple (0/1) D:4            Lair (0/6) D:10
    Orc (0/2) D:11

Altars:
Cheibriados
Dithmenos
Fedhas
Gozag
Kikubaaqudgha
Qazlal
Sif Muna
Xom
Yredelemnul

Shops:
D:4 (*   D:5 *


Innate Abilities, Weirdness & Mutations

You have sharp fingernails.
A demonic guardian rushes to your aid.
You are mostly covered in sharp spines.
When seriously injured, your bleeding wounds create armour. (AC +6)
Your mind is acute. (Int +2)
You are resistant to hostile enchantments. (MR+)
You passively map a small area around you.
Your spells are a little harder to cast, but a little more powerful.


Message History

The frost giant hits you with the +8 frozen axe "Frostbite" {freezing cloud, *Noise +Fly rC+}!
* * * LOW HITPOINT WARNING * * *
The frost giant freezes you.
* * * LOW HITPOINT WARNING * * *
You hit the frost giant.
The frost giant is moderately wounded.
You closely miss the shadow imp.
Unknown command.
You hit the frost giant.
The frost giant is moderately wounded.
You hit the shadow imp.
You kill the shadow imp!
Lugonu accepts your kill.
Unknown command.
You hit the frost giant.
The frost giant is moderately wounded.
You are engulfed in a cloud of scalding steam.
The frost giant is engulfed in a cloud of scalding steam.
The frost giant hits you with the +8 frozen axe "Frostbite" {freezing cloud, *Noise +Fly rC+}!!
You die...

#
######################
.
......)...............
, . ,
......................
. * ,
.........#####...####
. ........[# #...# .
.......@.# #...# , .
......§.C# #...# .
.......§§# #...# . *
.......§.# #...# . *
,......>.§# #...# , .
, ........§# #...# , .
.........# #...# *, .
* ,...[.....# #...# *,
. ..#####...#


You could see a frost giant.

Vanquished Creatures
  Snorg (D:11)
  A two-headed ogre (D:8)
  An oklob plant (D:11)
  A manticore (D:11)
  2 trolls (D:10)
  The ghost of McKennaii the Chopper, an amateur DsAK of Lugonu (Ossuary)
  2 hippogriffs (D:11)
  A wraith (D:11)
  3 yaks (D:10)
  2 basilisks (D:10)
  Menkaure (Ossuary)
  4 porcupines (D:10)
  2 sky beasts
  3 orc warriors
  A necrophage (D:10)
  3 phantoms
  2 ice beasts
  10 ogres
  4 centaurs
  A crocodile (D:7)
  A big kobold (D:11)
  3 bullfrogs
  2 wyvern skeletons
  2 scorpions
  9 wights
  5 howler monkeys
  2 crimson imps (D:8)
  2 centaur zombies
  A quasit (D:12)
  A centaur skeleton (D:12)
  5 hounds
  An orc priest (D:6)
  7 jellies
  8 orc wizards
  An iron imp (Abyss:1)
  3 bullfrog skeletons
  2 iguanas
  14 worker ants
  2 hound zombies
  A hound skeleton (D:8)
  A howler monkey zombie (D:5)
  3 mummies (Ossuary)
  2 worker ant zombies
  13 adders
  5 gnolls
  A howler monkey skeleton (D:4)
  2 shadow imps
  11 oozes
  An adder skeleton (D:9)
  2 worms (D:3)
  8 leopard geckos
  45 orcs
  A ball python (D:3)
  2 bats (D:3)
  4 giant cockroaches
  13 goblins
  17 hobgoblins
  14 jackals
  8 quokkas
  A ball python skeleton (D:4)
  2 frilled lizards
  A gnoll skeleton (Ossuary)
  4 gnoll zombies (Ossuary)
  2 goblin zombies (Ossuary)
  3 hobgoblin skeletons (Ossuary)
  3 hobgoblin zombies (Ossuary)
  A jackal zombie (D:7)
  16 kobolds
  5 kobold skeletons (Ossuary)
  A kobold zombie (Ossuary)
  2 orc skeletons (Ossuary)
  4 orc zombies (Ossuary)
  8 rats
  3 rat skeletons (Ossuary)
  A rat zombie (Ossuary)
328 creatures vanquished.

Vanquished Creatures (collateral kills)
  Harold (D:11)
  2 two-headed ogres
  2 centaur skeletons (D:9)
  2 rime drakes (D:12)
  A troll (D:10)
  A hippogriff (D:11)
  A yak (D:10)
  2 basilisks (D:10)
  A wraith (D:10)
  An orc warrior (D:7)
  A phantom (D:8)
  2 ogres
  A scorpion (D:10)
  A hound (D:9)
  A jelly (D:11)
  A worker ant (D:9)
  A worker ant zombie (D:10)
  A shadow imp (D:12)
  An ooze (D:11)
  3 orcs (D:10)
27 creatures vanquished.

Vanquished Creatures (others)
  2 gnoll zombies (Ossuary)
  A gnoll skeleton (Ossuary)
  A goblin zombie (Ossuary)
  4 hobgoblin skeletons (Ossuary)
  2 hobgoblin zombies (Ossuary)
  4 kobold skeletons (Ossuary)
  3 kobold zombies (Ossuary)
  An orc skeleton (Ossuary)
  2 orc zombies (Ossuary)
  A rat skeleton (Ossuary)
  4 fungi (D:11)
  A plant (D:10)
26 creatures vanquished.

Grand Total: 381 creatures vanquished

Notes
Turn   | Place    | Note
-------+----------+-------------------------------------------
     0 | Abyss:1  | McKennaii the Demonspawn Abyssal Knight began the quest for the Orb.
     0 | Abyss:1  | Reached XP level 1. HP: 18/18 MP: 2/2
    78 | Abyss:1  | Noticed an iron imp
    87 | Abyss:1  | Killed an iron imp
    87 | Abyss:1  | Gained mutation: You are partially covered in sharp spines. [demonic ancestry]
    87 | Abyss:1  | Reached XP level 2. HP: 7/25 MP: 3/3
   249 | Abyss:2  | Noticed a thrashing horror
   250 | Abyss:2  | Noticed a smoke demon
   250 | D:1      | Escaped the Abyss
   253 | D:1      | Noticed an ogre
   253 | D:1      | Noticed a human
   255 | D:1      | Noticed a demigod
   255 | D:1      | Noticed a troll
   257 | D:1      | Noticed a vampire
   257 | D:1      | Noticed a spriggan
   259 | D:1      | Noticed an octopode
   259 | D:1      | Noticed a centaur
   261 | D:1      | Noticed a felid
   263 | D:1      | Noticed a vine stalker
   265 | D:1      | Noticed a merfolk
   267 | D:1      | Noticed a minotaur
   269 | D:1      | Noticed a gargoyle
   269 | D:1      | Noticed a ghoul
   271 | D:1      | Noticed an elf
   271 | D:1      | Noticed a draconian
   273 | D:1      | Noticed a tengu
   273 | D:1      | Noticed a formicid
   275 | D:1      | Noticed a naga
   275 | D:1      | Noticed a demonspawn
   277 | D:1      | Noticed a dwarf
   351 | D:1      | Gained mutation: A weak demonic guardian rushes to your aid. [demonic ancestry]
   351 | D:1      | Reached XP level 3. HP: 28/30 MP: 4/4
   686 | D:1      | Reached skill level 2 in Axes
   906 | D:1      | Reached * piety under Lugonu
  1213 | D:1      | Reached skill level 1 in Dodging
  1406 | D:2      | Reached XP level 4. HP: 20/37 MP: 5/5
  2000 | D:2      | Found a faded altar of an unknown god.
  2363 | D:3      | Reached ** piety under Lugonu
  2371 | D:3      | Gained mutation: When seriously injured, your bleeding wounds create armour. (AC +6) [demonic ancestry]
  2371 | D:3      | Reached XP level 5. HP: 24/42 MP: 6/6
  2373 | D:3      | Reached skill level 3 in Axes
  2478 | D:3      | Gained mutation: You can translocate small distances at will. [potion of mutation]
  2478 | D:3      | Gained mutation: You have sharp fingernails. [potion of mutation]
  2658 | D:3      | Lost mutation: You have sharp fingernails. [potion of mutation]
  2658 | D:3      | Lost mutation: You can translocate small distances at will. [potion of mutation]
  2658 | D:3      | Gained mutation: Your mind is acute. (Int +2) [potion of mutation]
  2658 | D:3      | Gained mutation: You passively map a small area around you. [potion of mutation]
  2658 | D:3      | Gained mutation: Your spells are a little harder to cast, but a little more powerful. [potion of mutation]
  2658 | D:3      | Gained mutation: You are resistant to hostile enchantments. (MR+) [potion of mutation]
  3113 | D:4      | Found a stormy altar of Qazlal.
  3114 | D:4      | Found a basalt altar of Yredelemnul.
  3115 | D:4      | Found an ancient bone altar of Kikubaaqudgha.
  3115 | D:4      | Found a snail-covered altar of Cheibriados.
  3117 | D:4      | Found a deep blue altar of Sif Muna.
  3117 | D:4      | Found a blossoming altar of Fedhas.
  3147 | D:4      | Found Kudopluu's General Store.
  3155 | D:4      | Bought a scroll of remove curse for 33 gold pieces
  3171 | D:4      | Found a shadowy altar of Dithmenos.
  3217 | D:4      | Found a staircase to the Ecumenical Temple.
  3328 | D:4      | Reached skill level 1 in Stealth
  3328 | D:4      | Gained mutation: You have sharp fingernails. [demonic ancestry]
  3328 | D:4      | Reached XP level 6. HP: 41/49 MP: 7/7
  3332 | D:4      | Reached skill level 4 in Axes
  3405 | D:4      | Found an opulent altar of Gozag.
  3755 | D:4      | Reached XP level 7. HP: 55/55 MP: 8/8
  3849 | D:4      | Found Xieng's Weapon Emporium.
  3932 | D:4      | Reached skill level 5 in Axes
  4283 | D:5      | Entered Level 5 of the Dungeon
  4298 | D:5      | Found Rueloak's Elemental Accessories.
  4631 | D:5      | Reached *** piety under Lugonu
  4739 | D:5      | Reached skill level 5 in Fighting
  4933 | D:5      | Gained mutation: You are mostly covered in sharp spines. [demonic ancestry]
  4933 | D:5      | Reached XP level 8. HP: 62/62 MP: 9/9
  5538 | D:6      | Got a scorched ring mail
  5549 | D:6      | Identified the +4 ring mail "Plog" {rElec rC- Slay+4} (You found it on level 6 of the Dungeon)
  5732 | D:6      | Found a sand-covered staircase.
  5738 | Ossuary  | Entered an ossuary
  5744 | Ossuary  | Reached **** piety under Lugonu
  5920 | Ossuary  | Noticed McKennaii's ghost (amateur DsAK)
  5937 | Ossuary  | Killed McKennaii's ghost
  5937 | Ossuary  | Reached skill level 6 in Axes
  5979 | Ossuary  | Noticed Menkaure
  5983 | Ossuary  | Killed Menkaure
  6916 | D:7      | Found a shimmering altar of Xom.
  6943 | D:7      | Reached skill level 5 in Armour
  7028 | D:7      | Reached skill level 7 in Axes
  7204 | D:7      | Reached ***** piety under Lugonu
  7204 | D:7      | Reached XP level 9. HP: 43/69 MP: 10/10
  7761 | D:8      | Noticed a two-headed ogre
  7797 | D:8      | Killed a two-headed ogre
  7797 | D:8      | Reached skill level 8 in Axes
  7999 | D:8      | Noticed a two-headed ogre
  8026 | D:8      | Killed a two-headed ogre
  8711 | D:9      | Gained mutation: A demonic guardian rushes to your aid. [demonic ancestry]
  8711 | D:9      | Reached XP level 10. HP: 77/77 MP: 11/11
  8804 | D:9      | Reached skill level 9 in Axes
  9125 | D:10     | Entered Level 10 of the Dungeon
  9254 | D:10     | Found a staircase to the Lair.
  9283 | D:10     | Reached skill level 10 in Axes
  9506 | D:10     | Reached ****** piety under Lugonu
  9581 | D:11     | Noticed Harold
  9688 | D:11     | Killed Harold
  9688 | D:11     | Reached XP level 11. HP: 54/86 MP: 12/12
  9799 | D:11     | Noticed Snorg
  9839 | D:11     | Killed Snorg
  9921 | D:11     | Reached skill level 11 in Axes
  9958 | D:11     | Found a staircase to the Orcish Mines.
  9985 | D:11     | Noticed a two-headed ogre
  9989 | D:11     | Killed a two-headed ogre
 10098 | D:11     | Noticed an oklob plant
 10126 | D:11     | Killed an oklob plant
 10191 | D:11     | Reached skill level 5 in Dodging
 10950 | D:12     | Noticed a frost giant
 11245 | D:12     | Slain by a frost giant

Skill      XL: |  1  2  3  4  5  6  7  8  9 10 11 |
---------------+----------------------------------+-----
Armour         | 2 3 4 5 6 7 |  7.6
Fighting       | 4 5 6 7 8 |  8.5
Axes           | 2 3 4 5 7 8 10 11 | 11.5
Dodging        | 1 2 3 4 5 |  5.2
Stealth        | 1 2 3 4 |  4.6
Invocations    | |  2.6
Evocations     | |  0.4

Action                   |  1- 3 |  4- 6 |  7- 9 | 10-12 || total
-------------------------+-------+-------+-------+-------++-------
Melee: Hand axe          |    73 |   163 |   346 |   302 ||   884
Invok: Depart the Abyss  |     1 |       |       |       ||     1
 Abil: Blink             |       |     1 |       |       ||     1
       Evoke Berserk Rag |       |       |     1 |       ||     1
  Use: Scroll            |       |    13 |     3 |     2 ||    18
       Potion            |       |     4 |       |       ||     4
 Stab: Distracted        |       |     1 |     1 |     3 ||     5
       Sleeping          |       |       |     3 |     1 ||     4
  Eat: Chunk             |     1 |     8 |    16 |     9 ||    34
Armor: Leather armour    |    20 |    22 |       |       ||    42
       Chain mail        |       |    52 |    56 |       ||   108
       Ring mail         |       |       |    67 |   109 ||   176
Dodge: Dodged            |    33 |    66 |   105 |   105 ||   309
Block: Other             |       |       |    11 |    68 ||    79
       Reflection        |       |       |       |     4 ||     4
